 Dungeon Crawl Stone Soup version 0.30-a0-948-g4fa250aae5 (webtiles) character file.

Game seed: 1807022728851604996

11 voltaire321 the Charlatan (level 2, 0/21 HPs)
             Began as a Demonspawn Artificer on Mar 27, 2023.
             Slain by a gnoll
             ... wielding a +0 club
              (3 damage)
             ... on level 1 of the Dungeon.
             The game lasted 00:00:45 (201 turns).

voltaire321 the Charlatan (Demonspawn Artificer)     Turns: 201, Time: 00:00:45

Health: 0/21       AC:  3    Str: 12    XL:     2   Next: 17%
Magic:  2/2        EV: 11    Int: 12    God:
Gold:   6          SH:  0    Dex: 13    Spells: 1/1 levels left

rFire   . . .      SeeInvis .    a - +0 club
rCold   . . .      Faith    .    (no shield)
rNeg    . . .      Spirit   .    b - +0 leather armour
rPois   .          Reflect  .    (no helmet)
rElec   .          Rampage  .    (no cloak)
rCorr   .                        (no gloves)
Will    .....                    (no boots)
Stlth   +                        (no amulet)
HPRegen 0.23/turn                (no ring)
MPRegen 0.08/turn                (no ring)

@: no status effects
A: hooves 1
a: no special abilities


You were on level 1 of the Dungeon.
You visited 1 branch of the dungeon, and saw 1 of its levels.

You collected 6 gold pieces.

Inventory:

Hand Weapons
 a - a +0 club (weapon)
Armour
 b - a +0 leather armour (worn)
Wands
 c - a wand of flame (13) (quivered)
 d - a wand of charming (15)
 e - a wand of iceblast (5)
Scrolls
 f - a scroll of magic mapping {unknown}
 g - a scroll of teleportation {unknown}


   Skills:
 + Level 1.3 Fighting
 + Level 2.0 Armour
 + Level 1.2 Dodging
 - Level 0.8 Stealth
 + Level 3.1 Evocations


You had one spell level left.
You didn't know any spells.
Your spell library was empty.

Dungeon Overview and Level Annotations

Branches:
Dungeon (1/15)

Altars:


Innate Abilities, Weirdness & Mutations

You have large cloven feet.


Message History

The goblin hits you with a +0 club.
You barely miss the goblin.
The gnoll shouts!
You kick the goblin.
The goblin is moderately wounded.
The ball python bites you but does no damage.
The ball python closely misses you. The goblin hits you with a +0 club.
The ball python bites you but does no damage.
The ball python grabs you. The ball python constricts you.
You hit the ball python. Your kick misses the ball python.
The ball python is moderately wounded.
The goblin barely misses you. The ball python closely misses you.
The ball python constricts you.
You closely miss the ball python.
The ball python is moderately wounded.
The goblin hits you with a +0 club.
The ball python bites you but does no damage.
The ball python constricts you. The goblin hits you with a +0 club.
The ball python closely misses you. The ball python constricts you.
You hit the ball python.
The ball python is severely wounded.
The ball python bites you but does no damage.
The ball python constricts you. The goblin hits you but does no damage.
You hit the ball python.
You kill the ball python!
The gnoll closely misses you. The goblin closely misses you.
You hit the goblin.
You kill the goblin!
The gnoll hits you with a +0 club.
* * * LOW HITPOINT WARNING * * *
The gnoll hits you with a +0 club.
* * * LOW HITPOINT WARNING * * *
There's nothing to close nearby.
Aiming: Throw Flame
Press: ? - help, Shift-Dir - straight line, f - gnoll
Aim: a gnoll, wielding a +0 club (75% to hit)
The puff of flame hits the gnoll!
The gnoll is heavily wounded.
The gnoll hits you with a +0 club.
You die...

########.###.#.#
#..##.#.#
#.##.#.#
#.##.#.# ##
#..#.#.######...
#..............
##.............
#......g...#
##....@)...#
#.....†...#
#.......=....
#...[......#.
...#!###.#..#
#####.# .>.## ..
#.## ### .#


You could see a gnoll.

Vanquished Creatures
  A dart slug (D:1)
  2 ball pythons (D:1)
  A giant cockroach (D:1)
  A goblin (D:1)
  3 bats (D:1)
8 creatures vanquished.

Notes
Turn   | Place    | Note
-------+----------+-------------------------------------------
     0 | D:1      | voltaire321 the Demonspawn Artificer began the quest for
                  | the Orb.
     0 | D:1      | Reached XP level 1. HP: 15/15 MP: 1/1
    52 | D:1      | Reached skill level 1 in Dodging
   174 | D:1      | Gained mutation: You have large cloven feet. [demonic
                  | ancestry]
   174 | D:1      | Reached XP level 2. HP: 20/21 MP: 2/2
   201 | D:1      | Slain by a gnoll

Illustrated notes

Levels and vault maps discovered:
D:1:      enne_arrival_octagon_isle, layout_basic,
          hangedman_abyss_or_decor_stabs

Skill      XL: |  1 |
---------------+----+-----
Dodging        | 1 |  1.2
Armour         | 2 |  2.0
Fighting       | |  1.3
Stealth        | |  0.8
Evocations     | |  3.1

Action                     || total
---------------------------++-------
  Melee: Club              ||    40
         Kick              ||     1
  Evoke: Wand              ||     2
 Armour: Leather armour    ||    20
  Dodge: Dodged            ||    41

Table legend: (Time is in decaauts)
 A = Elapsed time spent in this place.
 B = Non-inter-level travel time spent in this place.
 C = Inter-level travel time spent in this place.
 D = Time resting spent in this place.
 E = Time spent auto-exploring this place.
 F = Levels seen in this place.
 G = Mean time per level.
                   A        B        C        D        E       F      G
               +--------+--------+--------+--------+--------+-----+--------+
         Total |    213 |    213 |      0 |     48 |     73 |   1 |  213.0 |
       Dungeon |    213 |    213 |      0 |     48 |     73 |   1 |  213.0 |
               +--------+--------+--------+--------+--------+-----+--------+

Top non-repeatable levels by time:
     D:1: 213 daAuts
